 Dungeon Crawl Stone Soup version 0.25.1-2-g60ff931 (webtiles) character file.

Game seed: 1311166728364177904

8724 Atlas the Frost Mage (level 11, -1/67 HPs)
             Began as an Octopode Ice Elementalist on Aug 14, 2020.
             Was a Follower of Vehumet.
             Killed from afar by an electric eel (10 damage)
             ... with a bolt of electricity
             ... on level 10 of the Dungeon on Aug 15, 2020.
             The game lasted 00:17:27 (12639 turns).

Atlas the Frost Mage (Octopode Ice Elementalist)   Turns: 12639, Time: 00:17:28

Health: -1/67      AC:  7    Str:  7    XL:     11   Next: 35%
Magic:  18/23      EV: 15    Int: 20    God:    Vehumet [*.....]
Gold:   120        SH:  5    Dex: 14    Spells: 16/27 levels left

rFire    . . .     SeeInvis +   C - +2 dagger (elec)
rCold    + . .     Gourm    .   l - +1 buckler (curse)
rNeg     . . .     Faith    +   y - +2 hat
rPois    +         Spirit   .   r - amulet of faith
rElec    .         Reflect  .   n - ring of poison resistance
rCorr    .         Harm     .   w - ring of protection from magic
MR       +....                  q - +4 ring of protection
Stlth    +++++.....             E - ring of Mair {rC+ SInv}
HPRegen  0.21/turn              (no ring)
MPRegen  0.18/turn              (no ring)
                                (no ring)
                                (no ring)

@: lightly drained
A: almost no armour, stealthy swim, amphibious, 8 rings, constrict 8, camouflage
1, gelatinous body 1
a: Renounce Religion


You were on level 10 of the Dungeon.
You worshipped Vehumet.
Vehumet was aware of your devotion.
You were hungry.

You visited 2 branches of the dungeon, and saw 11 of its levels.
You also visited: Sewer.

You collected 526 gold pieces.
You spent 406 gold pieces at shops.

Inventory:

Hand Weapons
 C - a +2 dagger of electrocution (weapon)
Armour
 l - a cursed +1 buckler (worn)
 y - a +2 hat (worn)
Jewellery
 n - a ring of poison resistance (left tentacle)
 q - a +4 ring of protection (on tentacle)
 r - an amulet of faith (around mantle)
 w - a ring of protection from magic (right tentacle)
 E - the ring of Mair (on tentacle) {rC+ SInv}
   (You bought it in a shop on level 4 of the Dungeon)

   [ring of see invisible]

   It protects you from cold.
   It lets you see invisible.
Wands
 t - a wand of clouds (12)
 I - a wand of flame (1)
 K - a wand of random effects (22)
Scrolls
 d - 7 scrolls of teleportation
 h - 3 scrolls of enchant weapon
 i - 2 scrolls of amnesia
 p - 8 scrolls of remove curse
 s - a scroll of immolation
 u - a scroll of blinking
 v - a scroll of noise
 B - a scroll of brand weapon
Potions
 a - a potion of magic
 c - 3 potions of ambrosia {unknown}
 e - a potion of haste {unknown}
 f - a potion of heal wounds
 g - 2 potions of cancellation {unknown}
 j - a potion of resistance {unknown}
 k - 4 potions of invisibility {unknown}
 m - 3 potions of curing {unknown}
 o - a potion of lignification {unknown}
 x - 3 potions of flight {unknown}
 z - 3 potions of stabbing {unknown}
 A - 6 potions of degeneration {unknown}
 D - a potion of mutation {unknown}
 F - a potion of berserk rage {unknown}
 G - a potion of might {unknown}
 H - a potion of brilliance {unknown}
Miscellaneous
 J - a box of beasts
Comestibles
 b - 18 rations


   Skills:
 + Level 3.4(3.2) Fighting
 + Level 4.3(4.0) Short Blades
 + Level 5.0(4.7) Dodging
 + Level 10.2(9.9) Stealth
 + Level 3.0(2.8) Shields
 + Level 8.8(8.5) Spellcasting
 + Level 1.6(1.4) Charms
 + Level 1.0(0.8) Summonings
 + Level 10.6(10.3) Ice Magic


You had 16 spell levels left.
You knew the following spells:

 Your Spells              Type           Power        Failure   Level  Hunger
a - Freeze                Ice            ####         1%          1    None
b - Frozen Ramparts       Ice            #####.       1%          3    None
c - Ozocubu's Armour      Chrm/Ice       ####....     2%          3    None
d - Summon Ice Beast      Ice/Summ       ####....     10%         4    ###....

Your spell library contained the following spells:

 Spells                   Type           Power        Failure   Level  Hunger
 Magic Dart               Conj           #...         10%         1    None
 Sandblast                Erth           #.....       10%         1    None
 Hailstorm                Conj/Ice       ####....     11%         4    ###....
 Passwall                 Tmut/Erth      #.......     14%         2    None
 Stone Arrow              Conj/Erth      #.....       28%         3    None
 Petrify                  Tmut/Erth      #.......     67%         4    ###....
 Lee's Rapid Deconstruct  Erth           #.........   95%         5    #####..


Dungeon Overview and Level Annotations

Branches:
Dungeon (10/15)            Temple (1/1) D:4            Lair (0/6) D:10
  Sewer (visited)
    Orc: D:9-12

Altars:
Ashenzari
Cheibriados
Dithmenos
Elyvilon
Fedhas
Gozag
Hepliaklqana
Kikubaaqudgha
Makhleb
Nemelex Xobeh
Okawaru
Qazlal
Ru
Sif Muna
Trog
Uskayaw
Vehumet
Wu Jian
Xom
Yredelemnul
Zin
The Shining One

Shops:
D:4 =

Annotations:
D:10 Snorg


Innate Abilities, Weirdness & Mutations

You cannot wear most types of armour.
You are very stealthy in the water. (Stealth+)
You are amphibious.
You can wear up to eight rings at the same time.
You can use your tentacles to constrict eight enemies at once.
Your skin changes colour to match your surroundings (Stealth+).
Your rubbery body absorbs attacks. (AC +1, EV +1)


Message History

t - Shout!
Orders for allies: a - Attack new target. r - Retreat! s - Stop attacking. g - Guard the area. f - Follow me.
Anything else - Cancel.
Gang up on whom?
Press: ? - help, Dir - move target cursor, f - electric eel
Aim: an electric eel (water) Attack!
The electric eel shoots out a bolt of lightning at you!
The bolt of electricity hits your ice beast!
Your ice beast dies!
The bolt of electricity hits your ice beast!
The bolt of electricity hits you!
* * * LOW HITPOINT WARNING * * *
You start resting.
A centaur warrior skeleton comes into view.
The electric eel shoots out a bolt of lightning at you!
The bolt of electricity hits you!
You die...

#.#####.#.###........P..##.
#..............P.........##
#######.#.#.......>........
#.#......)......P....
#Z#####........P..#..
.#######.....##.........###.
.............####).)).#####.
..................).#)....#.
...........@..########.####.
.........Y....'.............
..............#######.######
............................
...............######.##.###
H..............##........#
...............##.##.#'###
≈≈≈≈≈≈≈;≈.............#
≈≈≈≈≈≈≈≈≈.............#


You could see an electric eel, a centaur warrior skeleton and a friendly ice
beast (summoned).

Vanquished Creatures
  A two-headed ogre (D:10)
  Nergalle (D:10)
  An unseen horror (D:8)
  A merfolk (D:10)
  A troll (D:7)
  Prince Ribbit (D:9)
  A yak (D:10)
  A hungry ghost (D:7)
  A basilisk (D:10)
  Duvessa (D:7)
  3 water moccasins
  6 orc warriors
  A sky beast (D:9)
  3 ice beasts
  5 ogres
  A phantom (D:9)
  5 centaurs
  A crocodile (D:10)
  4 bullfrogs
  Dowan (D:7)
  4 scorpions
  12 killer bees
  10 wights
  An electric eel (D:10)
  9 crimson imps
  A bullfrog zombie (D:5)
  A centaur zombie (D:9)
  5 hounds
  A jelly (D:6)
  2 bullfrog skeletons
  7 orc priests
  2 centaur skeletons
  Jessica (D:2)
  11 orc wizards
  Ijyb (D:5)
  4 iguanas
  3 worker ants
  A killer bee zombie (D:6)
  2 hound skeletons
  A worker ant zombie (D:8)
  15 adders
  7 gnolls
  A shadow imp (D:9)
  4 oozes (Sewer)
  An adder skeleton (D:5)
  7 worms
  3 dart slugs
  10 leopard geckos
  33 orcs
  11 giant cockroaches
  13 goblins
  2 hobgoblins
  19 jackals
  9 kobolds
  3 quokkas
  7 ball pythons
  A ball python skeleton (D:4)
  A ball python zombie (D:5)
  16 bats
  10 frilled lizards
  A jackal skeleton (D:4)
  14 rats
307 creatures vanquished.

Vanquished Creatures (collateral kills)
  An elephant (D:10)
  An ogre (D:10)
  An orc wizard (D:10)
3 creatures vanquished.

Grand Total: 310 creatures vanquished

Notes
Turn   | Place    | Note
-------+----------+-------------------------------------------
     0 | D:1      | Atlas the Octopode Ice Elementalist began the quest for the
                  | Orb.
     0 | D:1      | Reached XP level 1. HP: 11/11 MP: 3/3
   149 | D:1      | Reached XP level 2. HP: 11/17 MP: 0/5
   672 | D:1      | Reached XP level 3. HP: 18/21 MP: 1/6
   718 | D:1      | Learned a level 3 spell: Frozen Ramparts
  1240 | D:2      | Noticed Jessica
  1249 | D:2      | Killed Jessica
  1249 | D:2      | Reached skill level 5 in Ice Magic
  1249 | D:2      | Reached XP level 4. HP: 22/27 MP: 3/7
  1768 | D:2      | Reached XP level 5. HP: 24/31 MP: 4/8
  2013 | D:2      | Reached skill level 1 in Short Blades
  2345 | D:2      | Found a sacrificial altar of Ru.
  2742 | D:3      | Reached skill level 5 in Stealth
  3075 | D:3      | Found a basalt altar of Yredelemnul.
  3080 | D:3      | Found a shimmering altar of Xom.
  3083 | D:3      | Found a snail-covered altar of Cheibriados.
  3084 | D:3      | Found an ancient bone altar of Kikubaaqudgha.
  3304 | D:4      | Reached XP level 6. HP: 37/37 MP: 9/9
  3334 | D:4      | Learned a level 3 spell: Ozocubu's Armour
  3580 | D:4      | Reached skill level 1 in Fighting
  3883 | D:4      | Reached XP level 7. HP: 39/43 MP: 11/11
  4114 | D:4      | Found Naugiri's Jewellery Boutique.
  4274 | D:4      | Found a staircase to the Ecumenical Temple.
  4285 | Temple   | Entered the Ecumenical Temple
  4747 | D:5      | Entered Level 5 of the Dungeon
  4747 | D:5      | Found a glowing drain.
  4802 | Sewer    | Entered a sewer
  4990 | Sewer    | Reached XP level 8. HP: 48/48 MP: 14/14
  5381 | Sewer    | Reached skill level 1 in Shields
  5766 | D:5      | Noticed Ijyb
  5773 | D:5      | Killed Ijyb
  5875 | D:5      | You fall into a shaft and drop 3 floors!
  6357 | D:7      | Reached skill level 5 in Spellcasting
  6488 | D:7      | Learned a level 4 spell: Summon Ice Beast
  6513 | D:7      | Found a sparkling altar of Nemelex Xobeh.
  6546 | D:7      | Reached XP level 9. HP: 48/54 MP: 11/16
  6649 | D:7      | Noticed a troll
  6664 | D:7      | Killed a troll
  6764 | D:7      | Noticed Dowan
  6783 | D:7      | Noticed Duvessa
  6797 | D:7      | Killed Duvessa
  6804 | D:7      | Killed Dowan
  7364 | D:7      | Reached skill level 1 in Charms
  7392 | D:7      | Found a shimmering blue altar of Sif Muna.
  8033 | D:8      | Killed an unseen horror
  8033 | D:8      | Reached XP level 10. HP: 42/61 MP: 12/20
  8282 | D:6      | Found a hazy altar of Hepliaklqana.
  9034 | D:6      | Found an iron altar of Okawaru.
  9644 | D:4      | Bought the ring of Mair {rC+ SInv} for 406 gold pieces
 10256 | D:9      | Noticed Prince Ribbit
 10267 | D:9      | Killed Prince Ribbit
 10598 | D:9      | Found a burning altar of Makhleb.
 10598 | D:9      | Found a radiant altar of Vehumet.
 10607 | D:9      | Became a worshipper of Vehumet
 10804 | D:10     | Entered Level 10 of the Dungeon
 10804 | D:10     | Noticed Snorg
 10949 | D:10     | Found a staircase to the Lair.
 10950 | D:10     | Noticed an elephant
 10960 | D:10     | Reached skill level 10 in Stealth
 11044 | D:10     | Killed an elephant
 11044 | D:10     | Reached skill level 10 in Ice Magic
 11044 | D:10     | Reached XP level 11. HP: 67/67 MP: 12/23
 11456 | D:10     | Noticed a two-headed ogre
 11471 | D:10     | Killed a two-headed ogre
 11979 | D:10     | Noticed Nergalle
 11986 | D:10     | Killed Nergalle
 11986 | D:10     | Reached * piety under Vehumet
 11986 | D:10     | Offered knowledge of Magic Dart by Vehumet.
 11986 | D:10     | Reached skill level 1 in Summonings
 12090 | D:10     | Reached skill level 5 in Dodging
 12639 | D:10     | Killed from afar by an electric eel

Illustrated notes

Levels and vault maps discovered:
D:1:      tarquinn_simple_flora_water_a, layout_basic, st_stairs_9,
          grunt_decor_arrowhead, nrook_loot_triangle
D:2:      layout_basic, nicolae_ru_path_of_blood, first_ration, uniq_jessica
D:3:      layout_basic, minitemple
D:4:      layout_gridville, minmay_temple_entry_tees, serial_glass,
          glass_columns_c, glass_columns_c, serial_shops, nicolae_shop_crystal,
          kennysheep_another_room
D:5:      layout_gridville, portal_sewer_entry_a, uniq_ijyb
D:6:      layout_rooms, nicolae_overflow_crystal_walls,
          nicolae_overflow_hidden_temple
D:7:      kennysheep_orc_sif_temple, layout_basic, nemelex_altar_shiori,
          nicolae_underground_beach, uniq_duvessa
D:8:      layout_gridville
D:9:      layout_stronghold, grunt_temple_overflow_lords_of_destruction,
          uniq_prince_ribbit1
D:10:     layout_basic, david_lair_generic, erik_orc_2, hangedman_fish_farm,
          st_stairs_4, minivault_14, uniq_nergalle, uniq_snorg
Temple:   nicolae_temple_x_marks_the_god

Skill      XL: |  1  2  3  4  5  6  7  8  9 10 11 |
---------------+----------------------------------+-----
Stealth        | 3 5 6 8 10 | 10.2
Ice Magic      | 5 6 7 9 10 | 10.6
Short Blades   | 1 2 3 4 |  4.3
Fighting       | 1 2 3 |  3.4
Spellcasting   | 4 5 7 8 |  8.8
Dodging        | 3 4 5 |  5.0
Shields        | 1 2 3 |  3.0
Charms         | 1 |  1.6
Summonings     | 1 |  1.0

Action                   |  1- 3 |  4- 6 |  7- 9 | 10-12 || total
-------------------------+-------+-------+-------+-------++-------
Melee: Unarmed           |     5 |       |       |       ||     5
       Constrict         |     6 |    20 |    22 |    24 ||    72
       Dagger            |    25 |    83 |   112 |   167 ||   387
       Tentacles         |     1 |    13 |    16 |    22 ||    52
 Cast: Freeze            |    27 |    29 |    75 |    17 ||   148
       Frozen Ramparts   |     1 |     9 |    25 |    22 ||    57
       Ozocubu's Armour  |       |       |     6 |     4 ||    10
       Summon Ice Beast  |       |       |       |    10 ||    10
Evoke: Wand              |       |       |       |     1 ||     1
  Use: Scroll            |       |       |    15 |     3 ||    18
       Potion            |       |       |     2 |     1 ||     3
 Stab: Sleeping          |     6 |    15 |    15 |    17 ||    53
       Distracted        |       |       |     1 |     1 ||     2
  Eat: Chunk             |     1 |    10 |    14 |     8 ||    33
       Ration            |       |       |     1 |     2 ||     3
Armor: Skin              |     4 |     5 |    41 |    23 ||    73
Dodge: Dodged            |    34 |    52 |   120 |    97 ||   303
Block: Buckler           |       |     8 |    31 |    34 ||    73
